 Dungeon Crawl Stone Soup version 0.29-a0-231-g945431f764 (webtiles) character file.

Game seed: 11805412884563711467

569 drugrobin the Chopper (level 6, 0/50 HPs)
             Began as a Demigod Fighter on Feb 28, 2022.
             Hit by a boomerang thrown by an orc warrior (10 damage)
             ... on level 3 of the Dungeon.
             The game lasted 00:08:10 (5399 turns).

drugrobin the Chopper (Demigod Fighter)             Turns: 5399, Time: 00:08:11

Health: 0/50       AC:  7    Str: 25    XL:     6   Next: 86%
Magic:  8/8        EV:  9    Int: 10    God:
Gold:   199        SH:  4    Dex: 13    Spells: 5/5 levels left

rFire   . . .      SeeInvis .   a - +0 war axe
rCold   . . .      Faith    .   c - +0 buckler
rNeg    . . .      Spirit   .   b - +0 scale mail
rPois   .          Reflect  .   (no helmet)
rElec   .          Harm     .   p - +0 cloak
rCorr   .          Rampage  .   (no gloves)
Will    .....                   (no boots)
Stlth   ..........              (no amulet)
HPRegen 0.16/turn               (no ring)
MPRegen 0.11/turn               (no ring)

@: no status effects
A: high MP 1, forlorn, divine attributes
a: no special abilities


You were on level 3 of the Dungeon.
You visited 1 branch of the dungeon, and saw 4 of its levels.
You also visited: Ossuary.

You collected 199 gold pieces.

Inventory:

Hand Weapons
 a - a +0 war axe (weapon)
 g - a +2 short sword of speed
 t - a +2 vorpal mace
Missiles
 f - 131 stones
 y - 3 silver boomerangs (quivered)
 z - 6 poisoned darts
Armour
 b - a +0 scale mail (worn)
 c - a +0 buckler (worn)
 p - a +0 cloak (worn)
Jewellery
 e - a ring of ice
 j - a ring of fire
Wands
 o - a wand of acid (8)
Scrolls
 h - a scroll of fear {unknown}
 i - a scroll of magic mapping
 k - a scroll of blinking {unknown}
 m - 2 scrolls of teleportation {unknown}
 n - 4 scrolls of identify {unknown}
 q - 2 scrolls of amnesia {unknown}
 s - 4 scrolls of fog {unknown}
 x - 2 scrolls of enchant weapon {unknown}
Potions
 d - 2 potions of might
 l - 3 potions of curing {unknown}
 r - 4 potions of resistance {unknown}
 u - a potion of flight {unknown}
 v - a potion of mutation {unknown}
 w - a potion of brilliance {unknown}


   Skills:
 - Level 2.6 Fighting
 + Level 7.2 Axes
 - Level 2.6 Armour
 - Level 2.6 Shields


You had 5 spell levels left.
You didn't know any spells.
Your spell library was empty.

Dungeon Overview and Level Annotations

Branches:
Dungeon (4/15)            Ossuary (visited)
 Temple: D:4-7

Shops:
D:2 (


Innate Abilities, Weirdness & Mutations

You have an increased reservoir of magic. (+10% MP)
You shall have no god before yourself.
Your divine heritage dramatically boosts your attributes as you level up.


Message History

There is a stone staircase leading up here.
Unknown command.
Unknown command.
The orc barely misses you. You block the orc warrior's attack.
You climb upwards.
There is a stone staircase leading down here.
You hit the orc.
The orc is almost dead.
You hit the orc warrior but do no damage.
You block the orc's attack.
The orc warrior hits you with a +1 flail of protection.
You closely miss the orc.
The orc is almost dead.
You hit the orc warrior but do no damage.
The orc closely misses you. You block the orc warrior's attack.
You slash the orc!
You kill the orc!
You hit the orc warrior. The orc warrior completely misses you.
You completely miss the orc warrior.
The orc warrior is lightly wounded.
The orc warrior hits you with a +1 flail of protection!
You barely miss the orc warrior.
The orc warrior is lightly wounded.
You block the orc warrior's attack.
You hit the orc warrior.
The orc warrior is lightly wounded.
The orc warrior hits you with a +1 flail of protection.
The orc warrior barely misses you.
You slash the orc warrior!
The orc warrior is moderately wounded.
The orc warrior hits you with a +1 flail of protection.
You hit the orc warrior but do no damage.
The orc warrior is moderately wounded.
The orc warrior hits you with a +1 flail of protection!
You barely miss the orc warrior.
The orc warrior is moderately wounded.
The orc warrior hits you with a +1 flail of protection!
* * * LOW HITPOINT WARNING * * *
The orc warrior throws a boomerang.
The boomerang hits you!
You die...

######### #........#
#.......# #........#
#.......# #........#
#.......# #........#
#.......###........####
#.........'...........#§
#..)....###........#####
#....o..###........###§#
#.>..).@.............###
#..)....##.##.....#### #
#.......##.##.....#
#.......##.##.....#
##########.##.....#####
##############.##.........##
#.........................##
#.........................##
#.........................##


You could see an orc warrior.

Vanquished Creatures
  A phantom (D:4)
  5 water moccasin zombies (Ossuary)
  2 mummies (Ossuary)
  4 gnolls
  4 adders
  5 adder zombies (Ossuary)
  2 worms
  A dart slug (D:3)
  9 orcs
  6 ball pythons
  5 bats
  12 endoplasms
  2 giant cockroaches
  A gnoll zombie (Ossuary)
  7 goblins
  8 hobgoblins
  4 jackals (D:3)
  4 kobolds
  3 quokkas
  4 frilled lizards
  8 hobgoblin zombies (Ossuary)
  3 kobold zombies (Ossuary)
  2 orc zombies (Ossuary)
  6 rats
108 creatures vanquished.

Notes
Turn   | Place    | Note
-------+----------+-------------------------------------------
     0 | D:1      | drugrobin the Demigod Fighter began the quest for the Orb.
     0 | D:1      | Reached XP level 1. HP: 18/18 MP: 3/3
    26 | D:1      | Reached skill level 2 in Axes
   156 | D:1      | Reached XP level 2. HP: 8/25 MP: 4/4
   677 | D:1      | Reached skill level 3 in Axes
  1032 | D:1      | Reached XP level 3. HP: 29/30 MP: 5/5
  1096 | D:2      | Found Caeret Ophoe's Antique Weapon Shoppe.
  2246 | D:3      | Reached skill level 4 in Axes
  2355 | D:3      | Reached XP level 4. HP: 35/37 MP: 6/6
  3754 | D:3      | Reached skill level 5 in Axes
  3754 | D:3      | Reached XP level 5. HP: 39/42 MP: 7/7
  3780 | D:3      | Noticed a sky beast
  4099 | D:4      | Found a sand-covered staircase.
  4118 | Ossuary  | Entered an ossuary
  4152 | Ossuary  | Reached skill level 6 in Axes
  4307 | Ossuary  | Reached XP level 6. HP: 37/50 MP: 8/8
  4569 | Ossuary  | Reached skill level 7 in Axes
  5399 | D:3      | Hit by a boomerang thrown by an orc warrior

Illustrated notes

Levels and vault maps discovered:
D:1:      dpeg_arrival_tiny_a, layout_basic, ebering_ecumenical_altar_mist,
          corexii_hall_statues_s
D:2:      layout_basic, serial_shops, shop, minmay_liquid_box
D:3:      layout_basic, pdpol_wu_jian_five_deadly_venoms, kennysheep_slug_shrine
D:4:      layout_basic, nicolae_ru_path_of_blood, lemuel_doored_altar,
          serial_shops, kennysheep_mini, nicolae_ossuary_entry_plus,
          uniq_blork_the_orc

Skill      XL: |  1  2  3  4  5  6 |
---------------+-------------------+-----
Axes           | 2 3 4 5 6 7 |  7.2
Fighting       | |  2.6
Armour         | |  2.6
Shields        | |  2.6

Action                   |  1- 3 |  4- 6 || total
-------------------------+-------+-------++-------
Melee: War axe           |    24 |   127 ||   151
       Short sword       |   138 |    88 ||   226
       Mace              |       |    27 ||    27
Throw: Stone             |    10 |     1 ||    11
  Use: Scroll            |       |     1 ||     1
Armor: Scale mail        |    63 |    75 ||   138
Dodge: Dodged            |    66 |    91 ||   157
Block: Buckler           |    32 |    57 ||    89

Table legend: (Time is in decaauts)
 A = Elapsed time spent in this place.
 B = Non-inter-level travel time spent in this place.
 C = Inter-level travel time spent in this place.
 D = Time resting spent in this place.
 E = Time spent auto-exploring this place.
 F = Levels seen in this place.
 G = Mean time per level.
                   A        B        C        D        E       F      G
               +--------+--------+--------+--------+--------+-----+--------+
         Total |   5401 |   5285 |    116 |   1439 |   2577 |   5 | 1080.2 |
       Dungeon |   4672 |   4556 |    116 |   1067 |   2437 |   4 | 1168.0 |
       Ossuary |    728 |    728 |      0 |    372 |    140 |   1 |  728.0 |
               +--------+--------+--------+--------+--------+-----+--------+

Top non-repeatable levels by time:
     D:3: 1760 daAuts
     D:2: 1466 daAuts
     D:1: 1091 daAuts
 Ossuary: 728 daAuts
     D:4: 354 daAuts
